 Dungeon Sprint DCSS version 0.24-a0-574-g7d3d5a4 (webtiles) character file.

Game seed: 14414114577607091589

1626 Faca the Fighter (level 9, -7/88 HPs)
             Began as a Formicid Fighter on Aug 20, 2019.
             Was a High Priest of the Shining One.
             Mangled by a crocodile (12 damage)
             ... in the Dungeon (Sprint IX: "|||||||||||||||||||||||||||||").
             The game lasted 00:02:20 (722 turns).

Faca the Fighter (Formicid Fighter)                  Turns: 722, Time: 00:02:20

Health: -7/88      AC:  8    Str: 27    XL:     9   Next: 17%
Magic:  9/9        EV: 13    Int:  8    God:    the Shining One [*****.]
Gold:   0          SH: 10    Dex: 15    Spells: 8/8 levels left

rFire    . . .     SeeInvis +   q - +2 scimitar (holy)
rCold    . . .     Gourm    .   c - +0 shield
rNeg     + + .     Faith    .   r - +2 ring mail
rPois    .         Spirit   .   (helmet unavailable)
rElec    .         Reflect  .   (no cloak)
rCorr    .         Harm     .   (no gloves)
MR       .....                  a - +0 pair of boots
Stlth    +.........             (no amulet)
HPRegen  0.24/turn              t - +3 ring of strength
MPRegen  0.11/turn              s - +2 ring of protection

@: agile, lethally poisoned (-7 -> -13), very slightly contaminated, glowing
A: permanent stasis, dig shafts and tunnels, four strong arms, antennae 3,
blurry vision 1, deformed body, no potion heal 1
a: Dig, Divine Shield, Cleansing Flame, Summon Divine Warrior, Renounce Religion


You were in the Dungeon.
You worshipped the Shining One.
The Shining One was extremely pleased with you.
You were hungry.

You visited 1 branch

Inventory:

Hand Weapons
 p - a +2 rapier of distortion
 q - a +2 scimitar of holy wrath (weapon)
Armour
 a - a +0 pair of boots (worn)
 c - a +0 shield (worn)
 r - a +2 ring mail (worn)
Jewellery
 s - a +2 ring of protection (right hand)
 t - a +3 ring of strength (left hand)
Wands
 o - a wand of iceblast (10)
Scrolls
 k - 4 scrolls of blinking
 m - 3 scrolls of remove curse
 n - 2 scrolls of amnesia
 v - 2 scrolls of enchant weapon
 w - a scroll of fog
 x - a scroll of fear
Potions
 b - a potion of resistance
 d - a potion of might
 e - 6 potions of heal wounds
 h - a potion of haste
 i - 4 potions of magic
 j - a potion of berserk rage
 l - 4 potions of curing
 u - a potion of brilliance
Comestibles
 f - a ration


   Skills:
 + Level 14.6 Fighting
 + Level 13.4 Long Blades
 - Level 3.2 Armour
 - Level 3.6 Shields


You had 8 spell levels left.
You didn't know any spells.
Your spell library was empty.

Dungeon Overview and Level Annotations

Branches:
Dungeon (1/1)

Altars:
Cheibriados
Dithmenos
Elyvilon
Fedhas
Gozag
Hepliaklqana
Kikubaaqudgha
Makhleb
Nemelex Xobeh
Okawaru
Qazlal
Ru
Sif Muna
Trog
Uskayaw
Vehumet
Wu Jian
Xom
Yredelemnul
Zin
The Shining One
Beogh
Jiyva
Lugonu


Innate Abilities, Weirdness & Mutations

You cannot be hasted, slowed, berserked, paralysed or teleported.
You can dig through walls and to a lower floor.
Your four strong arms can wield two-handed weapons with a shield.
You have a pair of large antennae on your head. (SInv)
Scrolls take you a little longer to read.
Armour fits poorly on your strangely shaped body.
Potions are less effective at restoring your health.


Message History

Increase (S)trength, (I)ntelligence, or (D)exterity?
You feel stronger.
You feel sick.
You slash the crocodile!
The crocodile is heavily wounded.
You feel sick. The crocodile bites you!
* * * LOW HITPOINT WARNING * * *
You slash the crocodile!
The crocodile is severely wounded.
A spiny frog comes into view.
You block the crocodile's attack.
The spiny frog croaks.
You hit the crocodile but do no damage.
The crocodile is severely wounded.
You feel sick. The crocodile bites you!
* * * LOW HITPOINT WARNING * * *
You feel agile all of a sudden.
* * * LOW HITPOINT WARNING * * *
You feel sick.
The blink frog blinks!
The crocodile bites you!
You die...

▓_▓.▓ {
▓_▓.▓.▓
▓_▓.▓.▓
{
▓_▓.▓F▓
{
▓_▓.▓.▓
{
▓_▓.▓.▓
{
▓_▓.▓§▓
{
▓_▓.▓t▓
{
▓_▓.▓@▓
{
▓_▓.▓.▓
{
▓_▓.▓.▓
{
▓_▓.▓.▓
{ {
▓'▓.▓F▓
{
▓.▓.▓[▓
{
▓.▓.▓(▓
{
▓.▓.▓(▓
▓.▓.▓.▓


You could see a spiny frog, a blink frog and a crocodile.

Vanquished Creatures
  A spiny frog (D)
  A hippogriff (D)
  A wyvern (D)
  A wraith (D)
  2 yaks (D)
  A hungry ghost (D)
  A porcupine (D)
  A centaur (D)
  A crocodile (D)
  A bullfrog (D)
  A scorpion (D)
  A crimson imp (D)
  An iguana (D)
  A worker ant (D)
  A shadow imp (D)
  A dart slug (D)
  An orc (D)
  2 giant cockroaches (D)
  A hobgoblin (D)
  2 quokkas (D)
  A frilled lizard (D)
  A quokka skeleton (D)
  A rat (D)
26 creatures vanquished.

Notes
Turn   | Place    | Note
-------+----------+-------------------------------------------
     0 | D        | Faca the Formicid Fighter began the quest for the Orb.
     0 | D        | Reached XP level 1. HP: 18/18 MP: 1/1
     7 | D        | Reached skill level 4 in Fighting
    19 | D        | Noticed a worker ant
    19 | D        | Noticed a centaur
    19 | D        | Noticed an iguana
    24 | D        | Killed an iguana
    24 | D        | Reached skill level 5 in Fighting
    24 | D        | Reached XP level 2. HP: 2/28 MP: 2/2
    24 | D        | Reached XP level 3. HP: 3/34 MP: 3/3
    32 | D        | Killed a centaur
    32 | D        | Reached skill level 8 in Fighting
    32 | D        | Reached XP level 4. HP: 6/44 MP: 4/4
    32 | D        | Reached XP level 5. HP: 7/49 MP: 5/5
    34 | D        | HP: 2/49 [quokka (1)]
   181 | D        | Found a roughly hewn altar of Beogh.
   181 | D        | Found a snail-covered altar of Cheibriados.
   181 | D        | Found a shadowy altar of Dithmenos.
   181 | D        | Found a white marble altar of Elyvilon.
   181 | D        | Found a blossoming altar of Fedhas.
   181 | D        | Found an opulent altar of Gozag.
   182 | D        | Found a hazy altar of Hepliaklqana.
   183 | D        | Found a viscous altar of Jiyva.
   184 | D        | Found an ancient bone altar of Kikubaaqudgha.
   185 | D        | Found a corrupted altar of Lugonu.
   186 | D        | Found a burning altar of Makhleb.
   187 | D        | Found a sparkling altar of Nemelex Xobeh.
   188 | D        | Found an iron altar of Okawaru.
   189 | D        | Found a stormy altar of Qazlal.
   190 | D        | Found a sacrificial altar of Ru.
   191 | D        | Found a shimmering blue altar of Sif Muna.
   192 | D        | Found a bloodstained altar of Trog.
   193 | D        | Found a hide-covered altar of Uskayaw.
   194 | D        | Found a radiant altar of Vehumet.
   195 | D        | Found an ornate altar of the Wu Jian Council.
   196 | D        | Found a shimmering altar of Xom.
   197 | D        | Found a basalt altar of Yredelemnul.
   198 | D        | Found a glowing silver altar of Zin.
   199 | D        | Found a glowing golden altar of the Shining One.
   207 | D        | Became a worshipper of the Shining One
   251 | D        | Noticed a wraith
   251 | D        | Noticed a hungry ghost
   251 | D        | Reached * piety under the Shining One
   251 | D        | Noticed a crocodile
   254 | D        | Killed a crocodile
   254 | D        | Reached skill level 9 in Fighting
   254 | D        | Reached XP level 6. HP: 43/60 MP: 6/6
   258 | D        | Killed a hungry ghost
   258 | D        | Reached ** piety under the Shining One
   258 | D        | Reached skill level 10 in Fighting
   263 | D        | Reached skill level 11 in Fighting
   263 | D        | Reached skill level 10 in Long Blades
   263 | D        | Reached XP level 7. HP: 47/68 MP: 7/7
   271 | D        | Killed a wraith
   271 | D        | Reached skill level 12 in Fighting
   460 | D        | Noticed a soldier ant
   460 | D        | Noticed a four-headed hydra
   460 | D        | Reached *** piety under the Shining One
   460 | D        | Noticed a wyvern
   461 | D        | Reached **** piety under the Shining One
   465 | D        | Killed a wyvern
   480 | D        | Reached XP level 8. HP: 78/78 MP: 8/8
   492 | D        | Gained mutation: Potions are less effective at restoring
                  | your health. [mutagenic glow]
   520 | D        | Gained mutation: Armour fits poorly on your strangely
                  | shaped body. [mutagenic glow]
   573 | D        | Gained mutation: Scrolls take you a little longer to read.
                  | [mutagenic glow]
   698 | D        | Noticed a spiny frog
   698 | D        | Noticed a yak
   698 | D        | Noticed a yak
   698 | D        | Noticed a hippogriff
   698 | D        | Reached ***** piety under the Shining One
   700 | D        | Reached skill level 13 in Fighting
   703 | D        | Noticed a blink frog
   707 | D        | Killed a hippogriff
   710 | D        | Killed a yak
   713 | D        | Killed a yak
   713 | D        | Reached skill level 14 in Fighting
   718 | D        | Killed a spiny frog
   718 | D        | Reached XP level 9. HP: 34/88 MP: 9/9
   720 | D        | Noticed a spiny frog
   722 | D        | Mangled by a crocodile

Levels and vault maps discovered:
D:        linesprint [early_d, line_temple, items_1, d_10, items_2, lair_1,
          lair_end, items_3, orc_1, orc_end, items_4, d_15, swamp_1, shoals_1,
          snake_1, spider_1, d_20, vaults_1, items_5, swamp_end, shoals_end,
          snake_end, spider_end, vaults_end, d_27, items_6, zot_1, zot_end,
          crypt_end, forest_end, elf_end, slime_end, tomb_end, abyss_end,
          pan_hell_end]

Skill      XL: |  1  2  3  4  5  6  7  8 |
---------------+-------------------------+-----
Fighting       | 5 8 9 11 12 14 | 14.6
Long Blades    | 4 6 8 10 11 13 | 13.4
Armour         | |  3.2
Shields        | |  3.6

Action                   |  1- 3 |  4- 6 |  7- 9 || total
-------------------------+-------+-------+-------++-------
Melee: Long sword        |    20 |     8 |       ||    28
       Scimitar          |       |    11 |    36 ||    47
       Rapier            |       |       |    10 ||    10
  Use: Potion            |     1 |     1 |     1 ||     3
  Eat: Chunk             |       |       |     1 ||     1
Armor: Scale mail        |     1 |     2 |       ||     3
       Ring mail         |       |     3 |     8 ||    11
Dodge: Dodged            |     5 |     1 |     7 ||    13
Block: Shield            |    13 |     6 |    10 ||    29
       Rpst.: Long sword |     1 |       |       ||     1
       Scimitar          |       |       |     1 ||     1

Table legend:
 A = Non-vault XP
 B = Vault XP
 C = Vault XP percentage of total XP
 D = Non-vault monster count
 E = Vault monster count
 F = Vault count percentage of total count
                 A         B        C        D         E       F
            +---------+---------+-------+---------+---------+-------
      Total |       0 |    2323 | 100.0 |       0 |      26 | 100.0
            +---------+---------+-------+---------+---------+-------
          D |       0 |    2323 | 100.0 |       0 |      26 | 100.0
            +---------+---------+-------+---------+---------+-------
